 Dungeon Crawl Stone Soup version 0.31-a0-700-gf13585253f (webtiles) character file.

Game seed: 7408836250138806791

21690 qw the Marksgargoyle (level 12, -8/77 HPs)
             Began as a Gargoyle Hunter on Sept 7, 2023.
             Was a High Priest of Okawaru.
             Killed from afar by an ice dragon (47 damage)
             ... with a blast of cold
             ... on level 3 of the Lair of Beasts.
             The game lasted 00:06:34 (12212 turns).

qw the Marksgargoyle (Gargoyle Hunter)             Turns: 12212, Time: 00:06:34

Health: -8/77      AC: 23    Str: 16    XL:     12   Next: 92%
Magic:  13/19      EV: 15    Int: 10    God:    Okawaru [*****.]
Gold:   696        SH:  0    Dex: 17    Spells: 11/11 levels left

rFire   . . .        Y - +1 orcbow
rCold   . . .        (shield currently unavailable)
rNeg    + . .        i - +0 ring mail
rPois   inf          m - +1 helmet {SInv}
rElec   +            g - +2 cloak
rCorr   .            l - +0 pair of gloves {infuse}
SInv    +            (no boots)
Will    .....        k - amulet of faith
Stlth   +++          (no ring)
HPRegen 0.32/turn    (no ring)
MPRegen 0.16/turn

%: faith, infuse magic (1 MP)
@: about to teleport, heroic, finesse-ful
A: sickness immunity, AC +8, negative energy resistance 1, electricity
resistance, torment resistance 1, petrification resistance
a: Renounce Religion, Heroism, Finesse, Duel


You were on level 3 of the Lair of Beasts.
You worshipped Okawaru.
Okawaru was extremely pleased with you.
You visited 2 branches of the dungeon, and saw 12 of its levels.

You collected 796 gold pieces.
You spent 100 gold pieces at shops.


Innate Abilities, Weirdness & Mutations

You are immune to sickness and miasma.
Your stone body is resilient. (AC +8)
You are immune to poison.
You resist negative energy. (rN+)
You are resistant to electric shocks. (rElec)
You are resistant to unholy torment.
You are immune to petrification.


   Skills:
 - Level 10.0(15.0) Fighting
 + Level 15.7(20.7) Ranged Weapons
 - Level 6.2(11.2) Armour
 - Level 4.0(9.0) Dodging
 - Level 1.1(6.1) Stealth
 - Level 10.0 Invocations


You had 11 spell levels left.
You didn't know any spells.
Your spell library was empty.

Inventory:

Hand Weapons
 Y - a +1 orcbow (weapon)
Armour
 a - a +1 hat of willpower
 g - a +2 cloak (worn)
 i - a +0 ring mail (worn)
 l - a +0 pair of gloves of infusion (worn)
 m - a +1 helmet of see invisible (worn)
Jewellery
 k - an amulet of faith (around neck)
Wands
 p - a wand of digging (13)
Scrolls
 d - 2 scrolls of identify
 r - a scroll of teleportation
Potions
 b - 4 potions of might
 c - a potion of magic
 e - 5 potions of enlightenment
 f - 3 potions of curing
 j - a potion of resistance
 n - a potion of cancellation
 o - 2 potions of mutation {unknown}
 q - a potion of haste {unknown}

Dungeon Overview and Level Annotations

Branches:
Dungeon (9/15)             Temple (0/1) D:4            Lair (3/5) D:9
  Swamp (0/4) Lair:2        Snake (0/4) Lair:2
    Orc: D:9-12

Altars:
Ashenzari
Dithmenos
Elyvilon
Okawaru
Vehumet
Xom

Shops:
D:3 !   D:9 (

Annotations:
D:5 1 runed translucent door, Crazy Yiuf


Message History

12204 |||
Found retreat position at 1,-1 (floor) with 0 blocking monsters and 1 monsters attacking at destination at distance 1 x2
12204 ||| RETREATING.
The ice dragon breathes frost at you. The blast of cold hits you!
Enter note:
Enter note:
Enter note:
Enter note: You shoot an arrow.
The arrow hits the ice dragon!
The ice dragon is lightly wounded.
The ice dragon bites you. The ice dragon closely misses you.
The ice dragon tramples you but does no damage.
You shoot an arrow. The arrow hits the ice dragon!
The ice dragon is moderately wounded.
You shoot an arrow.
The arrow closely misses the ice dragon.
The arrow barely misses the rime drake.
You shoot an arrow. The arrow hits the ice dragon.
The ice dragon is moderately wounded.
The ice dragon barely misses you. The ice dragon claws you.
The ice dragon closely misses you.
You shoot an arrow. The arrow hits the ice dragon.
The ice dragon is moderately wounded.
You shoot an arrow. The arrow hits the ice dragon!
The ice dragon is moderately wounded.
The ice dragon bites you but does no damage.
The ice dragon claws you!
The ice dragon tramples you but does no damage.
12211 ||| READING 2 scrolls of teleportation.
As you read the scroll of teleportation, it crumbles to dust.
You feel strangely unstable. The ice dragon barely misses you.
The ice dragon claws you but does no damage.
The ice dragon tramples you but does no damage.
12212 ||| DRINKING potion of heal wounds.
You feel much better. The ice dragon breathes frost at you.
The blast of cold hits you!!!
Ouch! That really hurt!
You die... #### ... # #..#. # ...# # # #..# # ...
P.P

###.P.# #.##
.....# #.P# .
....#.. #..######
~.. ###.#
##....@Dk###~~~~5
# #
##...#.##5h..~~~..
#
#P.########..~~~..
# ##.# ..~~~.. #
#..# ..~~~.. ##.
#..# ..~~~.Z ....
#P.# .#~~h.. ....
##>## ##~~~.. ..#.
######..# ~~~~.


You could see an ice dragon (catching breath), a polar bear, a rime drake and a
white imp.

Vanquished Creatures
  A hydra (Lair:1)
  A death yak (D:9)
  3 black mambas (Lair:1)
  A torpor snail (Lair:1)
  9 cane toads
  A rime drake (Lair:2)
  8 komodo dragons
  A troll (D:9)
  A polar bear (Lair:2)
  2 hornets
  15 blink frogs
  Grinder (D:3)
  2 dream sheep (Lair:1)
  A wraith (D:9)
  15 yaks
  4 wyverns
  3 basilisks
  6 vampire mosquitoes (Lair:2)
  3 nagas (Lair:2)
  3 orc warriors (D:8)
  9 water moccasins
  3 black bears
  2 ice beasts
  11 wolves (Lair:1)
  3 centaurs
  3 ogres
  2 phantoms
  2 kobold brigands
  11 bullfrogs
  5 scorpions
  6 wights
  2 howler monkeys (D:7)
  2 electric eels (Lair:1)
  A jelly (D:7)
  5 hounds
  4 orc priests
  2 sleepcaps
  8 iguanas
  5 orc wizards
  Robin (D:3)
  8 gnolls
  7 adders
  A shadow imp (D:6)
  A white imp (Lair:3)
  3 ufetubi
  3 worms
  3 dart slugs
  29 orcs
  5 bats
  3 endoplasms
  8 giant cockroaches
  12 goblins
  12 hobgoblins
  2 jackals (D:4)
  3 quokkas (D:1)
  3 ball pythons (D:2)
  2 frilled lizards (D:3)
  11 kobolds
  7 rats
291 creatures vanquished.

Notes
Turn   | Place    | Note
-------+----------+-------------------------------------------
     0 | D:1      | qw the Gargoyle Hunter began the quest for the Orb.
     0 | D:1      | Reached XP level 1. HP: 12/12 MP: 1/1
     0 | D:1      | 0 ||| qw: Version: 0.3-a-76-g4403597
     0 | D:1      | 0 ||| qw: Game counter: 665
     0 | D:1      | 0 ||| qw: Melee chars always use a shield: true
     0 | D:1      | 0 ||| qw: God list: Okawaru
     0 | D:1      | 0 ||| qw: Allow faded altars: false
     0 | D:1      | 0 ||| qw: Do Orc after clearing Dungeon:15 true
     0 | D:1      | 0 ||| qw: Do second Lair branch before Depths: true
     0 | D:1      | 0 ||| qw: Lair rune preference: random
     0 | D:1      | 0 ||| qw: Goals: Normal
     0 | D:1      | 0 ||| PLANNING D:1-11
    97 | D:1      | Reached XP level 2. HP: 15/17 MP: 2/2
   433 | D:1      | 433 ||| UPGRADING to +2 cloak.
   438 | D:1      | 438 ||| UPGRADING to amulet of faith.
   443 | D:1      | 443 ||| READING scroll labelled YNAKUJAMIP.
   444 | D:1      | 444 ||| READING scroll labelled IRUNNU WAHED CEVU.
   445 | D:1      | 445 ||| READING scroll labelled EJEAN KARUMION.
   446 | D:1      | 446 ||| READING scroll labelled WAGUICAYMO.
   447 | D:1      | 447 ||| READING scroll labelled OKUZXA NYMNO.
   452 | D:1      | 452 ||| READING scroll labelled HOUWAV TOKHOEB.
   452 | D:1      | Identified a scroll of acquirement
   452 | D:1      | 452 ||| ACQUIRING +1 hat of willpower
   452 | D:1      | Acquired a +1 hat of willpower
   454 | D:1      | 454 ||| UPGRADING to +1 hat of willpower.
   459 | D:1      | 459 ||| DROPPING scroll of butterflies.
   547 | D:2      | Reached XP level 3. HP: 21/21 MP: 3/3
   578 | D:2      | Reached skill level 5 in Ranged Weapons
   905 | D:2      | Found a shimmering altar of Xom.
  1324 | D:2      | 1324 ||| DROPPING amulet of magic regeneration.
  1325 | D:2      | 1325 ||| DRINKING 2 blue potions.
  1432 | D:3      | Found Urphacod's Distillery.
  1438 | D:3      | 1438 ||| BUYING potion of enlightenment (50 gold).
  1438 | D:3      | Bought a potion of enlightenment for 50 gold pieces
  1438 | D:3      | 1438 ||| SHOPLISTING potion of haste (100 gold, have 64).
  1438 | D:3      | 1438 ||| BUYING potion of heal wounds (50 gold).
  1438 | D:3      | Bought a potion of heal wounds for 50 gold pieces
  1438 | D:3      | 1438 ||| SHOPLISTING potion of heal wounds (50 gold, have
                  | 14).
  1438 | D:3      | 1438 ||| SHOPLISTING potion of mutation (80 gold, have 14).
  1438 | D:3      | 1438 ||| SHOPLISTING potion of resistance (100 gold, have
                  | 14).
  1462 | D:3      | Noticed Grinder
  1474 | D:3      | Killed Grinder
  1475 | D:3      | Reached XP level 4. HP: 32/32 MP: 4/4
  1475 | D:3      | Reached XP level 5. HP: 36/36 MP: 5/5
  1475 | D:3      | Reached XP level 6. HP: 41/41 MP: 6/6
  1528 | D:3      | Found a shadowy altar of Dithmenos.
  1535 | D:3      | Found an iron altar of Okawaru.
  1536 | D:3      | 1536 ||| PLANNING OKAWARU WORSHIP
  1539 | D:3      | Became a worshipper of Warmaster Okawaru
  1540 | D:3      | 1540 ||| PLANNING D:1-11
  1573 | D:3      | Noticed Robin
  1579 | D:3      | Killed Robin
  1849 | D:3      | 1849 ||| FLEEEEING.
  1850 | D:3      | 1850 ||| FLEEEEING.
  1851 | D:3      | 1851 ||| FLEEEEING.
  1852 | D:3      | 1852 ||| FLEEEEING.
  1853 | D:3      | 1853 ||| FLEEEEING.
  1875 | D:3      | 1875 ||| FLEEEEING.
  1876 | D:3      | 1876 ||| FLEEEEING.
  1877 | D:3      | 1877 ||| FLEEEEING.
  1878 | D:3      | 1878 ||| FLEEEEING.
  1879 | D:3      | 1879 ||| FLEEEEING.
  1884 | D:3      | 1884 ||| FLEEEEING.
  1887 | D:3      | 1887 ||| STAIRDANCE
  1917 | D:2      | 1917 ||| UPGRADING to +1 helmet of see invisible.
  1927 | D:2      | 1927 ||| READING scroll labelled UKHEMAMYMN.
  1928 | D:2      | 1928 ||| DRINKING 2 glowing orange potions.
  2010 | D:3      | Found a faded altar of an unknown god.
  2156 | D:3      | 2156 ||| READING scroll labelled QAELITHR XAIDGHU.
  2224 | D:4      | Reached skill level 1 in Armour
  2384 | D:4      | Found a radiant altar of Vehumet.
  2531 | D:4      | Reached skill level 6 in Ranged Weapons
  2622 | D:4      | Reached XP level 7. HP: 35/45 MP: 7/7
  2786 | D:4      | Found a staircase to the Ecumenical Temple.
  2989 | D:4      | 2989 ||| READING scroll labelled ILICOW WICIKK.
  2990 | D:4      | 2990 ||| READING scroll labelled CUKAAJ HOATZ.
  2991 | D:4      | 2991 ||| DRINKING 2 cyan potions.
  3013 | D:5      | Entered Level 5 of the Dungeon
  3016 | D:5      | 3016 ||| STAIRDANCE
  3027 | D:4      | Reached * piety under Okawaru
  3133 | D:5      | 3133 ||| STAIRDANCE
  3175 | D:5      | 3175 ||| INVOKING Heroism.
  3180 | D:5      | Reached skill level 7 in Ranged Weapons
  3180 | D:5      | Reached skill level 1 in Invocations
  3298 | D:5      | 3298 ||| INVOKING Heroism.
  3418 | D:5      | 3418 ||| UPGRADING to +0 pair of gloves of infusion.
  3427 | D:5      | 3427 ||| STAIRDANCE
  3458 | D:5      | 3458 ||| INVOKING Heroism.
  3492 | D:5      | Reached XP level 8. HP: 51/51 MP: 9/9
  3527 | D:5      | 3527 ||| INVOKING Heroism.
  3708 | D:5      | Found a runed translucent door.
  3709 | D:5      | Noticed Crazy Yiuf
  3976 | D:5      | 3976 ||| SWAPPING to +0 orcbow.
  3977 | D:5      | 3977 ||| DROPPING +1 shortbow.
  3978 | D:5      | 3978 ||| READING scroll labelled EFITUDGH ZOIDD.
  3979 | D:5      | 3979 ||| READING 2 scrolls of identify.
  3979 | D:5      | 3979 ||| IDENTIFYING black potion
  3980 | D:5      | 3980 ||| DROPPING potion of degeneration.
  4074 | D:6      | 4074 ||| Stepping ~*~*~tactically~*~*~ (outnumbered).
  4077 | D:6      | 4077 ||| Stepping ~*~*~tactically~*~*~ (outnumbered).
  4080 | D:6      | Reached skill level 8 in Ranged Weapons
  4084 | D:6      | 4084 ||| INVOKING Heroism.
  4128 | D:6      | 4128 ||| FLEEEEING.
  4129 | D:6      | 4129 ||| STAIRDANCE
  4435 | D:6      | Reached skill level 3 in Invocations
  4603 | D:6      | 4603 ||| READING scroll of enchant weapon.
  4603 | D:6      | 4603 ||| ENCHANTING +0 orcbow.
  4868 | D:6      | 4868 ||| UPGRADING to +0 ring mail.
  4878 | D:6      | 4878 ||| DROPPING +0 leather armour.
  4879 | D:6      | 4879 ||| READING scroll labelled NESATO TUIVUETE.
  4880 | D:6      | 4880 ||| READING 2 scrolls of identify.
  4880 | D:6      | 4880 ||| IDENTIFYING smoky clear potion
  4881 | D:6      | 4881 ||| DROPPING potion of brilliance.
  4955 | D:7      | Found a white marble altar of Elyvilon.
  5034 | D:7      | 5034 ||| Stepping ~*~*~tactically~*~*~ (retreating).
  5036 | D:7      | 5036 ||| Stepping ~*~*~tactically~*~*~ (retreating).
  5037 | D:7      | 5037 ||| Stepping ~*~*~tactically~*~*~ (retreating).
  5038 | D:7      | 5038 ||| Stepping ~*~*~tactically~*~*~ (retreating).
  5042 | D:7      | 5042 ||| INVOKING Heroism.
  5048 | D:7      | Reached skill level 9 in Ranged Weapons
  5050 | D:7      | Reached skill level 3 in Armour
  5050 | D:7      | Reached XP level 9. HP: 51/55 MP: 9/12
  5056 | D:7      | Reached skill level 6 in Fighting
  5075 | D:7      | Reached ** piety under Okawaru
  5077 | D:7      | 5077 ||| FLEEEEING.
  5244 | D:7      | Reached skill level 10 in Ranged Weapons
  5293 | D:7      | 5293 ||| INVOKING Heroism.
  5385 | D:7      | 5385 ||| INVOKING Heroism.
  5429 | D:7      | 5429 ||| INVOKING Heroism.
  5693 | D:7      | 5693 ||| READING scroll labelled YNLO BUSCHE.
  5694 | D:7      | 5694 ||| READING 3 scrolls of identify.
  5694 | D:7      | 5694 ||| IDENTIFYING dark potion
  5695 | D:7      | 5695 ||| READING 2 scrolls of identify.
  5695 | D:7      | 5695 ||| IDENTIFYING inky potion
  5696 | D:7      | 5696 ||| DROPPING potion of invisibility.
  5915 | D:8      | 5915 ||| INVOKING Heroism.
  6031 | D:8      | 6031 ||| INVOKING Heroism.
  6179 | D:8      | 6179 ||| INVOKING Heroism.
  6222 | D:8      | 6222 ||| INVOKING Heroism.
  6224 | D:8      | 6224 ||| Stepping ~*~*~tactically~*~*~ (outnumbered).
  6237 | D:8      | Reached skill level 11 in Ranged Weapons
  6381 | D:8      | Reached skill level 3 in Dodging
  6685 | D:9      | Found a staircase to the Lair.
  6685 | D:9      | Noticed a death yak
  6686 | D:9      | 6686 ||| RETREATING.
  6690 | D:9      | 6690 ||| INVOKING Heroism.
  6711 | D:9      | Reached XP level 10. HP: 29/63 MP: 13/13
  6743 | D:9      | 6743 ||| FLEEEEING.
  6751 | D:9      | 6751 ||| STAIRDANCE
  6876 | D:9      | Found Xyimas's Weapon Shoppe.
  7020 | D:9      | 7020 ||| Stepping ~*~*~tactically~*~*~ (outnumbered).
  7021 | D:9      | 7021 ||| Stepping ~*~*~tactically~*~*~ (outnumbered).
  7022 | D:9      | 7022 ||| Stepping ~*~*~tactically~*~*~ (outnumbered).
  7023 | D:9      | 7023 ||| DRINKING 3 potions of curing.
  7023 | D:9      | 7023 ||| (to cure confusion)
  7053 | D:9      | 7053 ||| INVOKING Heroism.
  7153 | D:9      | 7153 ||| INVOKING Heroism.
  7288 | D:9      | 7288 ||| Stepping ~*~*~tactically~*~*~ (outnumbered).
  7289 | D:9      | 7289 ||| Stepping ~*~*~tactically~*~*~ (outnumbered).
  7291 | D:9      | 7291 ||| Stepping ~*~*~tactically~*~*~ (outnumbered).
  7292 | D:9      | 7292 ||| Stepping ~*~*~tactically~*~*~ (outnumbered).
  7294 | D:9      | 7294 ||| Stepping ~*~*~tactically~*~*~ (outnumbered).
  7295 | D:9      | 7295 ||| Stepping ~*~*~tactically~*~*~ (outnumbered).
  7297 | D:9      | 7297 ||| Stepping ~*~*~tactically~*~*~ (outnumbered).
  7298 | D:9      | 7298 ||| Stepping ~*~*~tactically~*~*~ (outnumbered).
  7340 | D:9      | 7340 ||| Stepping ~*~*~tactically~*~*~ (outnumbered).
  7341 | D:9      | 7341 ||| Stepping ~*~*~tactically~*~*~ (outnumbered).
  7342 | D:9      | 7342 ||| Stepping ~*~*~tactically~*~*~ (outnumbered).
  7343 | D:9      | 7343 ||| Stepping ~*~*~tactically~*~*~ (outnumbered).
  7353 | D:9      | 7353 ||| Stepping ~*~*~tactically~*~*~ (cloud).
  7476 | D:9      | 7476 ||| INVOKING Heroism.
  7491 | D:9      | Killed a death yak
  7491 | D:9      | Reached *** piety under Okawaru
  7492 | D:9      | Reached skill level 12 in Ranged Weapons
  7750 | D:9      | 7750 ||| PLANNING LAIR
  7750 | D:9      | 7750 ||| READING 2 scrolls of identify.
  7750 | D:9      | 7750 ||| IDENTIFYING fuming puce potion
  7824 | Lair:1   | Entered Level 1 of the Lair of Beasts
  7825 | Lair:1   | 7825 ||| INVOKING Heroism.
  7911 | Lair:1   | Noticed a cane toad
  7912 | Lair:1   | 7912 ||| INVOKING Heroism.
  7918 | Lair:1   | Killed a cane toad
  7978 | Lair:1   | Noticed a black mamba
  7979 | Lair:1   | 7979 ||| RETREATING.
  7983 | Lair:1   | 7983 ||| INVOKING Heroism.
  7993 | Lair:1   | Killed a black mamba
  7994 | Lair:1   | Reached skill level 13 in Ranged Weapons
  8161 | Lair:1   | 8161 ||| INVOKING Heroism.
  8234 | Lair:1   | 8234 ||| INVOKING Heroism.
  8239 | Lair:1   | Reached skill level 9 in Fighting
  8247 | Lair:1   | Reached **** piety under Okawaru
  8295 | Lair:1   | 8295 ||| RETREATING.
  8298 | Lair:1   | 8298 ||| Stepping ~*~*~tactically~*~*~ (retreating).
  8300 | Lair:1   | 8300 ||| Stepping ~*~*~tactically~*~*~ (retreating).
  8301 | Lair:1   | 8301 ||| Stepping ~*~*~tactically~*~*~ (retreating).
  8317 | Lair:1   | Reached XP level 11. HP: 70/71 MP: 14/14
  8341 | Lair:1   | 8341 ||| INVOKING Heroism.
  8476 | Lair:1   | 8476 ||| INVOKING Heroism.
  8508 | Lair:1   | 8508 ||| INVOKING Heroism.
  8522 | Lair:1   | 8522 ||| FLEEEEING.
  8554 | Lair:1   | 8554 ||| INVOKING Heroism.
  8561 | Lair:1   | Reached skill level 6 in Invocations
  8723 | Lair:1   | 8723 ||| RETREATING.
  8725 | Lair:1   | 8725 ||| Stepping ~*~*~tactically~*~*~ (retreating).
  8726 | Lair:1   | 8726 ||| Stepping ~*~*~tactically~*~*~ (retreating).
  8727 | Lair:1   | 8727 ||| Stepping ~*~*~tactically~*~*~ (retreating).
  8740 | Lair:1   | 8740 ||| INVOKING Heroism.
  8756 | Lair:1   | HP: 15/71 [wyvern (8)]
  8757 | Lair:1   | 8757 ||| READING 2 scrolls of teleportation.
  8758 | Lair:1   | 8758 ||| DRINKING 2 potions of heal wounds.
  8924 | Lair:1   | Noticed a seven-headed hydra
  8925 | Lair:1   | 8925 ||| INVOKING Heroism.
  8936 | Lair:1   | HP: 17/71 [seven-headed hydra (3)]
  8937 | Lair:1   | 8937 ||| READING scroll of teleportation.
  8938 | Lair:1   | 8938 ||| DRINKING potion of heal wounds.
  8939 | Lair:1   | Killed a seven-headed hydra
  8956 | Lair:1   | 8956 ||| INVOKING Heroism.
  8959 | Lair:1   | 8959 ||| RETREATING.
  8970 | Lair:1   | 8970 ||| Stepping ~*~*~tactically~*~*~ (retreating).
  8971 | Lair:1   | 8971 ||| Stepping ~*~*~tactically~*~*~ (retreating).
  8972 | Lair:1   | 8972 ||| Stepping ~*~*~tactically~*~*~ (retreating).
  8973 | Lair:1   | 8973 ||| Stepping ~*~*~tactically~*~*~ (retreating).
  8974 | Lair:1   | 8974 ||| Stepping ~*~*~tactically~*~*~ (retreating).
  8975 | Lair:1   | 8975 ||| Stepping ~*~*~tactically~*~*~ (retreating).
  8976 | Lair:1   | 8976 ||| Stepping ~*~*~tactically~*~*~ (retreating).
  8985 | Lair:1   | 8985 ||| INVOKING Heroism.
  8986 | Lair:1   | HP: 13/71 [torpor snail (8)]
  9013 | Lair:1   | 9013 ||| INVOKING Heroism.
  9023 | Lair:1   | HP: 11/71 [blink frog (13)]
  9355 | Lair:1   | 9355 ||| RETREATING.
  9356 | Lair:1   | 9356 ||| Stepping ~*~*~tactically~*~*~ (retreating).
  9359 | Lair:1   | 9359 ||| INVOKING Heroism.
  9391 | Lair:1   | Reached ***** piety under Okawaru
  9392 | Lair:1   | Reached skill level 14 in Ranged Weapons
  9495 | Lair:1   | 9495 ||| INVOKING Heroism.
  9698 | Lair:1   | Found a broken altar of Ashenzari.
  9778 | Lair:2   | 9778 ||| INVOKING Heroism.
  9981 | Lair:2   | 9981 ||| INVOKING Heroism.
  9993 | Lair:2   | 9993 ||| RETREATING.
  9994 | Lair:2   | 9994 ||| Stepping ~*~*~tactically~*~*~ (retreating).
  9995 | Lair:2   | 9995 ||| Stepping ~*~*~tactically~*~*~ (retreating).
  9996 | Lair:2   | 9996 ||| Stepping ~*~*~tactically~*~*~ (retreating).
  9999 | Lair:2   | Reached XP level 12. HP: 50/76 MP: 18/18
 10005 | Lair:2   | 10005 ||| Stepping ~*~*~tactically~*~*~ (retreating).
 10006 | Lair:2   | 10006 ||| Stepping ~*~*~tactically~*~*~ (retreating).
 10024 | Lair:2   | HP: 18/77 [yak (3)]
 10025 | Lair:2   | 10025 ||| READING scroll of teleportation.
 10026 | Lair:2   | HP: 8/77 [blink frog (11)]
 10042 | Lair:2   | Reached skill level 9 in Invocations
 10043 | Lair:2   | 10043 ||| INVOKING Heroism.
 10095 | Lair:2   | 10095 ||| INVOKING Heroism.
 10327 | Lair:2   | 10327 ||| INVOKING Heroism.
 10408 | Lair:2   | Found a staircase to the Snake Pit.
 10453 | Lair:2   | Found a staircase to the Swamp.
 10599 | Lair:2   | 10599 ||| INVOKING Heroism.
 10714 | Lair:2   | 10714 ||| INVOKING Heroism.
 10774 | Lair:2   | 10774 ||| INVOKING Heroism.
 10779 | Lair:2   | 10779 ||| Stepping ~*~*~tactically~*~*~ (retreating).
 10791 | Lair:2   | 10791 ||| Stepping ~*~*~tactically~*~*~ (retreating).
 10792 | Lair:2   | 10792 ||| Stepping ~*~*~tactically~*~*~ (retreating).
 10793 | Lair:2   | 10793 ||| Stepping ~*~*~tactically~*~*~ (retreating).
 10805 | Lair:2   | 10805 ||| INVOKING Heroism.
 10965 | Lair:2   | Reached skill level 15 in Ranged Weapons
 10980 | Lair:2   | 10980 ||| INVOKING Heroism.
 11293 | Lair:2   | Received a gift from Okawaru
 11400 | Lair:2   | 11400 ||| INVOKING Heroism.
 11402 | Lair:2   | Reached skill level 6 in Armour
 11463 | Lair:2   | 11463 ||| INVOKING Heroism.
 11478 | Lair:2   | 11478 ||| Stepping ~*~*~tactically~*~*~ (retreating).
 11479 | Lair:2   | 11479 ||| Stepping ~*~*~tactically~*~*~ (retreating).
 11480 | Lair:2   | 11480 ||| Stepping ~*~*~tactically~*~*~ (retreating).
 11681 | Lair:2   | 11681 ||| READING 2 scrolls of identify.
 11681 | Lair:2   | 11681 ||| IDENTIFYING pink potion
 11690 | Lair:3   | 11690 ||| INVOKING Heroism.
 11934 | Lair:3   | 11934 ||| RETREATING.
 11942 | Lair:3   | 11942 ||| Stepping ~*~*~tactically~*~*~ (retreating).
 11948 | Lair:3   | 11948 ||| Stepping ~*~*~tactically~*~*~ (retreating).
 11953 | Lair:3   | Received a gift from Okawaru
 11974 | Lair:3   | 11974 ||| INVOKING Heroism.
 12193 | Lair:3   | Noticed an ice dragon
 12194 | Lair:3   | 12194 ||| RETREATING.
 12197 | Lair:3   | 12197 ||| Stepping ~*~*~tactically~*~*~ (outnumbered).
 12202 | Lair:3   | 12202 ||| INVOKING Heroism.
 12203 | Lair:3   | 12203 ||| INVOKING Finesse.
 12204 | Lair:3   | 12204 ||| RETREATING.
 12210 | Lair:3   | HP: 17/77 [ice dragon (10)]
 12211 | Lair:3   | 12211 ||| READING 2 scrolls of teleportation.
 12212 | Lair:3   | 12212 ||| DRINKING potion of heal wounds.
 12212 | Lair:3   | Killed from afar by an ice dragon

Levels and vault maps discovered:
D:1:      minmay_arrival_radiant_lines, layout_rooms, st_stairs_7,
          minmay_cut_off
D:2:      layout_loops_corners, basic_altar
D:3:      minmay_evil_eye, layout_loops_ring, amethyst_overflow_temple_binary,
          shapermc_ecumenical_altar_mp_ritualfount, serial_shops, shop,
          minmay_hedge_maze, uniq_grinder, uniq_robin
D:4:      layout_loops_ring, nicolae_overflow_hidden_temple,
          minmay_temple_entry_metal_lava
D:5:      layout_loops_cross, uniq_crazy_yiuf_cottage
D:6:      layout_basic, minmay_misc_feat_columns
D:7:      layout_basic, lemuel_doored_altar, minmay_alternating_orb
D:8:      minmay_skewed_foursquare, layout_basic
D:9:      layout_grid_maze, david_lair_generic, enter_bailey_4, serial_shops,
          nicolae_shop_real_fake_doors
Lair:1:   layout_roguey, basic_altar, serial_bayou_pond_b, grunt_megastairs_3
Lair:2:   layout_cellular_growth, minmay_swamp_entry_swarm,
          nicolae_snake_entry_squirm, beast_lair_carwin_2, grunt_megastairs_5
Lair:3:   dreamdust_isle_of_ice, layout_loops_ring, infiniplex_staircase_pool

Skill      XL: |  1  2  3  4  5  6  7  8  9 10 11 12 |
---------------+-------------------------------------+-----
Ranged Weapons | 5 6 7 9 11 13 14 15 | 15.7
Fighting       | 5 7 9 10 | 10.0
Armour         | 1 3 4 5 6 |  6.2
Invocations    | 2 4 8 10 | 10.0
Dodging        | 2 3 4 |  4.0
Stealth        | |  1.1

Action                     |  1- 3 |  4- 6 |  7- 9 | 10-12 || total
---------------------------+-------+-------+-------+-------++-------
   Fire: Shortbow          |   142 |   165 |   115 |       ||   422
         Orcbow            |       |       |   327 |   922 ||  1249
 Invoke: Heroism           |       |       |    14 |    34 ||    48
         Finesse           |       |       |       |     1 ||     1
    Use: Scroll            |     6 |     2 |    10 |     6 ||    24
         Potion            |     1 |     1 |     1 |     4 ||     7
 Armour: Leather armour    |    36 |    57 |    99 |       ||   192
         Ring mail         |       |       |    84 |   410 ||   494
  Dodge: Dodged            |    29 |    48 |   201 |   364 ||   642

Table legend:
 A = Non-vault XP
 B = Vault XP
 C = Vault XP percentage of total XP
 D = Non-vault monster count
 E = Vault monster count
 F = Vault count percentage of total count
                 A         B        C        D         E       F
            +---------+---------+-------+---------+---------+-------
      Total |   19541 |   11445 |  36.9 |     205 |      86 |  29.6
            +---------+---------+-------+---------+---------+-------
        D:1 |      26 |       6 |  18.8 |      14 |       3 |  17.6
        D:2 |      41 |       0 |   0.0 |      16 |       0 |   0.0
        D:3 |      55 |     306 |  84.8 |      12 |      15 |  55.6
        D:4 |     330 |       0 |   0.0 |      17 |       0 |   0.0
        D:5 |     649 |       0 |   0.0 |      16 |       0 |   0.0
        D:6 |     595 |       0 |   0.0 |      19 |       0 |   0.0
        D:7 |     724 |     827 |  53.3 |      17 |      15 |  46.9
        D:8 |     620 |     241 |  28.0 |      11 |       3 |  21.4
        D:9 |    1137 |    1317 |  53.7 |      21 |       9 |  30.0
     Lair:1 |    6855 |    3477 |  33.7 |      26 |      17 |  39.5
     Lair:2 |    6055 |    5261 |  46.5 |      25 |      23 |  47.9
     Lair:3 |    2454 |      10 |   0.4 |      11 |       1 |   8.3
            +---------+---------+-------+---------+---------+-------
